 Dungeon Crawl Stone Soup version 0.31-a0-152-g6aa68a64a1 (webtiles) character file.

Game seed: 2167142473768905170

67452 qw the Marksminotaur (level 14, -6/138 HPs)
             Began as a Minotaur Hunter on June 9, 2023.
             Was a High Priest of Okawaru.
             Shot with an arrow by a centaur warrior (8 damage)
             ... on level 14 of the Dungeon.
             The game lasted 00:09:33 (20032 turns).

qw the Marksminotaur (Minotaur Hunter)             Turns: 20032, Time: 00:09:33

Health: -6/138     AC: 21    Str: 14    XL:     14   Next: 83%
Magic:  16/20      EV: 21    Int: 10    God:    Okawaru [*****.]
Gold:   1177       SH:  0    Dex: 19    Spells: 13/13 levels left

rFire   + . .        Y - +5 hand crossbow (flame)
rCold   . . .        (no shield)
rNeg    . . .        g - +2 ring mail of Inviolability {rElec rF+}
rPois   +            (helmet restricted)
rElec   +            l - +2 cloak
rCorr   .            d - +2 pair of gloves
SInv    .            n - +2 pair of boots
Will    ++...        (no amulet)
Stlth   +++          m - ring of poison resistance
HPRegen 0.43/turn    h - +4 ring of slaying {mikee}
MPRegen 0.17/turn

%: no passive effects
@: heroic, finesse-ful, spiked
A: horns 2, retaliatory headbutt, clever 1, strong-willed 1
a: Renounce Religion, Heroism, Finesse, Duel


You were on level 14 of the Dungeon.
You worshipped Okawaru.
Okawaru was extremely pleased with you.
You visited 3 branches of the dungeon, and saw 20 of its levels.
You also visited: Sewer.

You collected 1177 gold pieces.


Innate Abilities, Weirdness & Mutations

You have a pair of horns on your head.
You reflexively headbutt those who attack you in melee.
Your mind is acute. (Int +4, Str/Dex -1)
You are strong-willed. (Will+)


   Skills:
 - Level 16.7(21.7) Fighting
 + Level 17.8(22.8) Ranged Weapons
 - Level 10.0(15.0) Armour
 - Level 11.1(16.1) Dodging
 - Level 0.7(5.7) Stealth
 - Level 10.0 Invocations


You had 13 spell levels left.
You didn't know any spells.
Your spell library was empty.

Inventory:

Hand Weapons
 Y - a +5 hand crossbow of flaming (weapon)
Armour
 d - a +2 pair of gloves (worn)
 e - a +0 troll leather armour
 g - the +2 ring mail of Inviolability (worn) {rElec rF+}
   (You found it on level 1 of the Lair of Beasts)

   rF:        It protects you from fire.
   rElec:     It insulates you from electricity.
 l - a +2 cloak (worn)
 n - a +2 pair of boots (worn)
 q - a +2 robe of resistance
Jewellery
 b - a +6 ring of strength
 h - a +4 ring of slaying (right hand) {mikee}
 m - a ring of poison resistance (left hand)
 r - a ring of protection from cold
 t - a ring of willpower
Wands
 k - a wand of digging (5)
Scrolls
 a - 5 scrolls of identify
 o - a scroll of enchant armour
Potions
 c - 2 potions of magic
 f - 6 potions of haste
 j - 3 potions of mutation
 p - 2 potions of curing
 s - a potion of might

Dungeon Overview and Level Annotations

Branches:
Dungeon (14/15)            Temple (1/1) D:4            Lair (5/5) D:10
 Shoals (0/4) Lair:3        Snake (0/4) Lair:3        Slime (0/5) Lair:5
    Orc (0/2) D:12          Sewer (visited)
 Vaults: D:13-14

Altars:
Ashenzari
Cheibriados
Dithmenos
Elyvilon
Fedhas
Gozag
Hepliaklqana
Kikubaaqudgha
Makhleb
Nemelex Xobeh
Okawaru
Qazlal
Ru
Sif Muna
Trog
Uskayaw
Vehumet
Wu Jian
Xom
Yredelemnul
Zin
The Shining One
Lugonu

Shops:
D:3 [

Portals:
Abyss: Lair:5

Annotations:
D:2 1 runed translucent door, Crazy Yiuf
D:12 3 runed translucent doors, Afrar's ghost, journeyman FoFi; Qesois's ghost, journeyman GnNe


Message History

You destroy the freezing wraith!
Okawaru accepts your kill. The vampire mosquito misses you.
The basilisk bites you! The boulder beetle misses you. You furiously retaliate!
You headbutt the boulder beetle. You shoot a bolt.
The bolt hits the manticore!!
The bolt burns the manticore.
The manticore is almost dead.
The vampire mosquito bites you.
The vampire mosquito draws strength from your injuries!
You shoot a bolt. The bolt hits the manticore!
The bolt burns the manticore.
You kill the manticore!
Okawaru accepts your kill.
The vampire mosquito closely misses you.
The boulder beetle misses you.
The manticore flicks its tail.
The volley of spikes hits you!
The barbed spikes become lodged in your body.
A swamp drake comes into view.
You shoot a bolt.
The bolt barely misses the boulder beetle.
The bolt hits the manticore!
The bolt burns the manticore.
The manticore is lightly wounded.
Your surroundings suddenly seem different. 2 centaur warriors come into view.
Found 67 gold pieces.
Enter note: You shoot a bolt.
The centaur warrior shouts!
The bolt hits the centaur warrior!!
The bolt burns the centaur warrior.
The centaur warrior shouts!
The centaur warrior is heavily wounded.
You hear a shout!
The centaur warrior wields a +0 shortbow.
The centaur warrior shoots an arrow.
The arrow barely misses you.
You shoot a bolt. The bolt hits the centaur warrior!
The bolt burns the centaur warrior.
The centaur warrior is severely wounded.
The centaur warrior wields a +0 shortbow.
The centaur warrior shoots an arrow.
The arrow hits you!
You die...

.. . #..#...
. . ....#.. .
.. .....#.
$.. ......# $
..## ......#
...#..#
.....#
..#....#....#
#.....@#
#...c....#
#.......c# #
########## #
# .#
#######.##
##........
##........


You could see 2 centaur warriors.

Vanquished Creatures
  Jorgrun (D:13)
  A bunyip (shapeshifter) (Lair:5)
  Josephine (Lair:3)
  Harold (D:9)
  2 hydras
  4 boulder beetles
  A catoblepas (Lair:5)
  A centaur warrior (D:14)
  Erica (D:8)
  4 two-headed ogres
  7 death yaks (Lair:2)
  3 thrashing horrors (Lair:5)
  3 skeletal warriors (D:11)
  A mana viper (shapeshifter) (D:13)
  6 ugly things
  3 deep elf pyromancers
  3 manticores
  A salamander (Lair:3)
  5 cyclopes
  A black mamba (Lair:2)
  8 elephants (Lair:5)
  Maurice (D:9)
  2 merfolk sirens (Lair:3)
  A smoke demon (Lair:5)
  3 gargoyles
  5 cane toads
  4 komodo dragons
  A yaktaur (D:14)
  A freezing wraith (D:14)
  A rime drake (Lair:4)
  A kobold demonologist (D:12)
  Maggie (D:8)
  4 trolls
  3 ancient zymes (Lair:5)
  2 hornets (D:9)
  A polar bear (shapeshifter) (D:14)
  Prince Ribbit (D:8)
  34 blink frogs
  4 polar bears
  A large abomination (Lair:5)
  2 ynoxinuls (Lair:5)
  52 yaks
  A centaur simulacrum (D:14)
  9 slime creatures
  A spriggan (Lair:5)
  5 wraiths (Lair:3)
  A vampire (D:6)
  3 wyverns
  10 basilisks
  2 chaos spawn (Lair:5)
  Grum (D:11)
  6 vampire mosquitoes
  4 steam dragons
  Duvessa (D:4)
  2 acid dragons
  11 water moccasins
  A sky beast (D:8)
  A black bear (shapeshifter) (Lair:5)
  2 orc warriors
  2 ice beasts
  3 black bears
  2 ogres
  15 wolves
  A centaur (D:8)
  13 small abominations (Lair:5)
  4 phantoms
  5 kobold brigands
  2 gnoll sergeants
  10 bullfrogs
  3 scorpions
  9 wights
  Dowan (D:4)
  18 killer bees
  6 electric eels
  4 lava snakes (Lair:3)
  6 jellies
  8 hounds
  8 orc priests
  4 iguanas
  8 orc wizards
  2 sleepcaps
  Terence (D:2)
  A statue (D:11)
  12 gnolls
  12 adders
  6 river rats (Sewer)
  A shadow imp (D:5)
  A white imp (D:5)
  An ufetubus (D:7)
  A worm (D:5)
  2 dart slugs
  54 orcs
  2 bats
  12 endoplasms
  2 giant cockroaches
  6 goblins
  6 hobgoblins
  8 jackals
  32 kobolds
  5 quokkas
  7 ball pythons
  9 frilled lizards
  12 rats
  A butterfly (Lair:5)
572 creatures vanquished.

Vanquished Creatures (others)
  A blink frog (Lair:4)
1 creature vanquished.

Grand Total: 573 creatures vanquished

Notes
Turn   | Place    | Note
-------+----------+-------------------------------------------
     0 | D:1      | qw the Minotaur Hunter began the quest for the Orb.
     0 | D:1      | Reached XP level 1. HP: 18/18 MP: 0/0
     0 | D:1      | 0 ||| qw: Version: 0.2-a-121-gba3a3e5
     0 | D:1      | 0 ||| qw: Game counter: 3234
     0 | D:1      | 0 ||| qw: Always use a shield: true
     0 | D:1      | 0 ||| qw: God list: Okawaru
     0 | D:1      | 0 ||| qw: Allow faded altars: false
     0 | D:1      | 0 ||| qw: Do Orc after D:15 true
     0 | D:1      | 0 ||| qw: Do second Lair branch before Depths: true
     0 | D:1      | 0 ||| qw: Lair rune preference: random
     0 | D:1      | 0 ||| qw: Plans: Normal
     0 | D:1      | 0 ||| PLANNING D:1-11
   165 | D:1      | Found a faded altar of an unknown god.
   249 | D:1      | Reached XP level 2. HP: 25/25 MP: 1/1
   295 | D:1      | Reached skill level 5 in Ranged Weapons
   614 | D:1      | 614 ||| READING 2 scrolls labelled BEITAPH YD MOE.
   615 | D:1      | 615 ||| READING scroll labelled DIRADI LIORGH.
   616 | D:1      | 616 ||| READING scroll labelled XOISKO YGEHEBB.
   617 | D:1      | 617 ||| DRINKING 2 green potions.
   618 | D:1      | 618 ||| DROPPING scroll of butterflies.
   638 | D:2      | You fall into a shaft and drop 1 floor!
   638 | D:3      | Found a broken altar of Ashenzari.
   649 | D:3      | 649 ||| DROPPING +6 ring of intelligence.
   748 | D:2      | Reached skill level 3 in Fighting
   822 | D:2      | Reached XP level 3. HP: 31/31 MP: 2/2
  1176 | D:2      | Noticed Terence
  1185 | D:2      | Killed Terence
  1281 | D:2      | Found a runed translucent door.
  1282 | D:2      | Noticed Crazy Yiuf
  1328 | D:2      | Reached XP level 4. HP: 38/38 MP: 3/3
  1389 | D:2      | 1389 ||| READING scroll labelled WUUPSE RUARYTH.
  1447 | D:3      | 1447 ||| STAIRDANCE
  1559 | D:3      | Reached skill level 6 in Ranged Weapons
  1607 | D:3      | Found Possam's Armour Shop.
  1616 | D:3      | Identified the +6 mace of Demonkind {drain, rF+ Str+3 Int+7
                  | Dex-3}
  1627 | D:3      | 1627 ||| SHOPLISTING +0 pair of boots (54 gold, have 36).
  1627 | D:3      | 1627 ||| SHOPLISTING +1 pair of boots of rampaging (198
                  | gold, have 36).
  1627 | D:3      | 1627 ||| SHOPLISTING +3 ring mail of fire resistance (312
                  | gold, have 36).
  1627 | D:3      | 1627 ||| SHOPLISTING +3 robe of Clouds {*Thunder rCloud
                  | rElec} (356 gold, have 36).
  1732 | D:3      | Identified the ring of Cistiumpi {MP+9 Int+4}
  2263 | D:3      | 2263 ||| DROPPING ring of Cistiumpi {MP+9 Int+4}.
  2264 | D:3      | 2264 ||| UPGRADING to +4 ring of slaying {mikee}.
  2265 | D:3      | 2265 ||| READING 2 scrolls labelled WANLIG UTIYNU.
  2266 | D:3      | 2266 ||| READING scroll labelled BIDUB EZITS.
  2267 | D:3      | 2267 ||| DRINKING 2 blue potions.
  2268 | D:3      | 2268 ||| DRINKING 2 silvery potions.
  2269 | D:3      | 2269 ||| READING 2 scrolls of identify.
  2269 | D:3      | 2269 ||| IDENTIFYING metallic sapphire potion
  2270 | D:3      | 2270 ||| DROPPING potion of lignification.
  2271 | D:3      | 2271 ||| DROPPING potion of enlightenment.
  2394 | D:4      | Noticed a bullfrog
  2413 | D:4      | Reached XP level 5. HP: 46/46 MP: 4/4
  2503 | D:4      | Found a staircase to the Ecumenical Temple.
  2504 | D:4      | 2504 ||| PLANNING TEMPLE
  2512 | Temple   | Entered the Ecumenical Temple
  2551 | Temple   | 2551 ||| PLANNING OKAWARU WORSHIP
  2568 | Temple   | Became a worshipper of Warmaster Okawaru
  2568 | Temple   | 2568 ||| PLANNING D:1-11
  2615 | D:4      | Reached skill level 7 in Ranged Weapons
  2669 | D:4      | Reached XP level 6. HP: 52/52 MP: 5/5
  2836 | D:4      | 2836 ||| DRINKING potion of curing.
  2836 | D:4      | 2836 ||| (to cure confusion)
  2949 | D:4      | Noticed Duvessa
  2950 | D:4      | Noticed Dowan
  2956 | D:4      | Killed Duvessa
  2957 | D:4      | Reached skill level 8 in Ranged Weapons
  2975 | D:4      | Killed Dowan
  2975 | D:4      | Reached * piety under Okawaru
  3077 | D:4      | 3077 ||| DROPPING ring of flight.
  3078 | D:4      | 3078 ||| READING scroll labelled COLUME UTHUU.
  3134 | D:5      | Entered Level 5 of the Dungeon
  3135 | D:5      | 3135 ||| PLANNING SEWER
  3171 | D:5      | Reached skill level 3 in Dodging
  3178 | D:5      | Reached XP level 7. HP: 60/60 MP: 6/6
  3193 | D:5      | Reached skill level 1 in Invocations
  3205 | D:5      | 3205 ||| INVOKING Heroism.
  3279 | D:5      | Reached skill level 1 in Armour
  3331 | D:5      | 3331 ||| INVOKING Heroism.
  3486 | D:5      | 3486 ||| INVOKING Heroism.
  3490 | D:5      | Reached skill level 3 in Invocations
  3564 | D:5      | Reached skill level 9 in Ranged Weapons
  3564 | D:5      | Reached XP level 8. HP: 68/68 MP: 9/9
  3642 | D:5      | Found a glowing drain.
  3643 | D:5      | 3643 ||| UPGRADING to +0 ring mail.
  3653 | D:5      | 3653 ||| DROPPING +0 leather armour.
  3654 | D:5      | 3654 ||| DRINKING 2 lumpy sapphire potions.
  3663 | Sewer    | Entered a sewer
  3890 | Sewer    | 3890 ||| Stepping ~*~*~tactically~*~*~ (water).
  4179 | Sewer    | 4179 ||| DRINKING 2 glowing silvery potions.
  4179 | Sewer    | Gained mutation: You are strong-willed. (Will+) [potion of
                  | mutation]
  4179 | Sewer    | Gained mutation: Your mind is acute. (Int +4, Str/Dex -1)
                  | [potion of mutation]
  4188 | Sewer    | 4188 ||| Stepping ~*~*~tactically~*~*~ (water).
  4247 | D:5      | 4247 ||| PLANNING D:1-11
  4313 | D:5      | Reached skill level 6 in Fighting
  4420 | D:6      | 4420 ||| INVOKING Heroism.
  4474 | D:6      | 4474 ||| INVOKING Heroism.
  4622 | D:6      | Found a shimmering altar of Xom.
  4630 | D:6      | Reached skill level 10 in Ranged Weapons
  4751 | D:6      | 4751 ||| INVOKING Heroism.
  4857 | D:6      | Reached ** piety under Okawaru
  4913 | D:6      | 4913 ||| INVOKING Heroism.
  4916 | D:6      | Reached XP level 9. HP: 79/79 MP: 8/11
  5025 | D:6      | 5025 ||| INVOKING Heroism.
  5132 | D:6      | 5132 ||| INVOKING Heroism.
  5141 | D:6      | HP: 19/79 [poisoned by a water moccasin]
  5510 | D:6      | 5510 ||| INVOKING Heroism.
  5512 | D:6      | Reached skill level 11 in Ranged Weapons
  5647 | D:6      | 5647 ||| UPGRADING to +1 pair of boots.
  5652 | D:6      | 5652 ||| READING 2 scrolls of enchant armour.
  5652 | D:6      | 5652 ||| ENCHANTING +1 pair of boots.
  5653 | D:6      | 5653 ||| UPGRADING to +6 ring of strength.
  5654 | D:6      | 5654 ||| READING scroll labelled NUM NIDOEHASO.
  5655 | D:6      | 5655 ||| READING 2 scrolls labelled KOGIPI BA VIR.
  5660 | D:6      | 5660 ||| READING scroll labelled PIGOB WAIM.
  5662 | D:6      | 5662 ||| Stepping ~*~*~tactically~*~*~ (cloud).
  5742 | D:7      | 5742 ||| STAIRDANCE
  5744 | D:6      | 5744 ||| INVOKING Heroism.
  5751 | D:6      | Reached skill level 3 in Armour
  5944 | D:7      | 5944 ||| INVOKING Heroism.
  5952 | D:7      | 5952 ||| Stepping ~*~*~tactically~*~*~ (outnumbered).
  6086 | D:7      | 6086 ||| INVOKING Heroism.
  6096 | D:7      | Reached skill level 12 in Ranged Weapons
  6119 | D:7      | Found a white marble altar of Elyvilon.
  6191 | D:7      | 6191 ||| INVOKING Heroism.
  6206 | D:7      | 6206 ||| Stepping ~*~*~tactically~*~*~ (cloud).
  6211 | D:7      | 6211 ||| INVOKING Heroism.
  6213 | D:7      | 6213 ||| Stepping ~*~*~tactically~*~*~ (cloud).
  6586 | D:7      | 6586 ||| UPGRADING to +0 steam dragon scales.
  6596 | D:7      | 6596 ||| DROPPING +0 ring mail.
  6597 | D:7      | 6597 ||| READING scroll of enchant armour.
  6597 | D:7      | 6597 ||| ENCHANTING +0 steam dragon scales.
  6624 | D:8      | 6624 ||| INVOKING Heroism.
  6625 | D:8      | 6625 ||| Stepping ~*~*~tactically~*~*~ (outnumbered).
  6628 | D:8      | 6628 ||| Stepping ~*~*~tactically~*~*~ (outnumbered).
  6655 | D:8      | 6655 ||| INVOKING Heroism.
  6807 | D:8      | Noticed Maggie
  6818 | D:8      | Killed Maggie
  6819 | D:8      | Reached skill level 6 in Dodging
  6849 | D:8      | Reached XP level 10. HP: 88/88 MP: 12/12
  6853 | D:8      | Noticed Prince Ribbit
  6863 | D:8      | Killed Prince Ribbit
  7175 | D:8      | Found a basalt altar of Yredelemnul.
  7175 | D:8      | Found a bloodstained altar of Trog.
  7175 | D:8      | Found an ancient bone altar of Kikubaaqudgha.
  7201 | D:8      | 7201 ||| Stepping ~*~*~tactically~*~*~ (outnumbered).
  7247 | D:8      | 7247 ||| Stepping ~*~*~tactically~*~*~ (outnumbered).
  7329 | D:8      | Found a radiant altar of Vehumet.
  7365 | D:8      | Noticed Erica
  7366 | D:8      | 7366 ||| INVOKING Heroism.
  7380 | D:8      | HP: 18/88 [something/bolt of poison (28)]
  7381 | D:8      | Killed Erica
  7382 | D:8      | Reached skill level 13 in Ranged Weapons
  7384 | D:8      | HP: 7/88 [poisoned by Erica (bolt of poison)]
  7387 | D:8      | HP: 3/88 [poisoned by Erica (bolt of poison)]
  7390 | D:8      | HP: 1/88 [poisoned by Erica (bolt of poison)]
  7878 | D:8      | 7878 ||| UPGRADING to +2 pair of gloves.
  7969 | D:9      | Paralysed by a hornet for 2 turns
  7971 | D:9      | 7971 ||| INVOKING Heroism.
  7974 | D:9      | HP: 17/88 [poisoned by a hornet]
  7975 | D:9      | 7975 ||| READING scroll of teleportation.
  7976 | D:9      | 7976 ||| DRINKING potion of curing.
  7976 | D:9      | 7976 ||| (to cure poison)
  8180 | D:9      | Reached skill level 9 in Fighting
  8210 | D:9      | Noticed a cyclops
  8271 | D:9      | Found a burning altar of Makhleb.
  8363 | D:9      | 8363 ||| READING 2 scrolls of identify.
  8363 | D:9      | 8363 ||| IDENTIFYING puce potion
  8379 | D:9      | 8379 ||| INVOKING Heroism.
  8385 | D:9      | Killed a cyclops
  8469 | D:9      | Noticed a two-headed ogre
  8470 | D:9      | 8470 ||| INVOKING Heroism.
  8477 | D:9      | Killed a two-headed ogre
  8477 | D:9      | Reached *** piety under Okawaru
  8478 | D:9      | Reached skill level 14 in Ranged Weapons
  8528 | D:9      | Noticed Maurice
  8547 | D:9      | Killed Maurice
  8605 | D:9      | Paralysed by a hornet for 1 turns
  8607 | D:9      | Reached XP level 11. HP: 78/99 MP: 13/13
  8724 | D:9      | Noticed Harold
  8725 | D:9      | 8725 ||| INVOKING Heroism.
  8739 | D:9      | Killed Harold
  8739 | D:9      | Reached **** piety under Okawaru
  8997 | D:9      | 8997 ||| UPGRADING to +2 cloak.
  9002 | D:9      | 9002 ||| DROPPING ring of resist corrosion.
  9003 | D:9      | 9003 ||| READING 3 scrolls of identify.
  9003 | D:9      | 9003 ||| IDENTIFYING purple potion
  9004 | D:9      | 9004 ||| READING 2 scrolls of identify.
  9004 | D:9      | 9004 ||| IDENTIFYING fuming brown potion
  9005 | D:9      | 9005 ||| DROPPING potion of berserk rage.
  9018 | D:10     | Entered Level 10 of the Dungeon
  9114 | D:10     | 9114 ||| INVOKING Heroism.
  9267 | D:10     | 9267 ||| INVOKING Heroism.
  9424 | D:10     | Found a sparkling altar of Nemelex Xobeh.
  9452 | D:10     | 9452 ||| INVOKING Heroism.
  9473 | D:10     | 9473 ||| Stepping ~*~*~tactically~*~*~ (outnumbered).
  9485 | D:10     | 9485 ||| INVOKING Heroism.
  9486 | D:10     | 9486 ||| Stepping ~*~*~tactically~*~*~ (outnumbered).
  9520 | D:10     | 9520 ||| INVOKING Heroism.
  9550 | D:10     | 9550 ||| INVOKING Heroism.
  9567 | D:10     | 9567 ||| FLEEEEING.
  9617 | D:10     | 9617 ||| INVOKING Heroism.
  9672 | D:10     | Found a staircase to the Lair.
 10032 | D:10     | 10032 ||| PLANNING LAIR
 10032 | D:10     | 10032 ||| UPGRADING to +0 troll leather armour.
 10042 | D:10     | 10042 ||| DROPPING +1 steam dragon scales.
 10081 | Lair:1   | Entered Level 1 of the Lair of Beasts
 10082 | Lair:1   | 10082 ||| INVOKING Heroism.
 10146 | Lair:1   | 10146 ||| INVOKING Heroism.
 10193 | Lair:1   | Identified the +1 leather armour of Words of Power {Str+3}
 10247 | Lair:1   | 10247 ||| INVOKING Heroism.
 10293 | Lair:1   | 10293 ||| DRINKING potion of cancellation.
 10296 | Lair:1   | Reached skill level 9 in Dodging
 10319 | Lair:1   | 10319 ||| INVOKING Heroism.
 10333 | Lair:1   | Reached skill level 6 in Invocations
 10354 | Lair:1   | 10354 ||| INVOKING Heroism.
 10517 | Lair:1   | 10517 ||| INVOKING Heroism.
 10728 | Lair:1   | Identified the +2 ring mail of Inviolability {rElec rF+}
 10815 | Lair:1   | 10815 ||| INVOKING Heroism.
 10909 | Lair:1   | 10909 ||| UPGRADING to +2 ring mail of Inviolability {rElec
                  | rF+}.
 10919 | Lair:1   | 10919 ||| DROPPING +1 leather armour of Words of Power
                  | {Str+3}.
 10920 | Lair:1   | 10920 ||| READING 2 scrolls of identify.
 10920 | Lair:1   | 10920 ||| IDENTIFYING lumpy dark potion
 10921 | Lair:1   | 10921 ||| DROPPING potion of degeneration.
 10978 | Lair:2   | Noticed a death yak
 10979 | Lair:2   | 10979 ||| INVOKING Heroism.
 10981 | Lair:2   | Noticed a death yak
 10984 | Lair:2   | Noticed a death yak
 10987 | Lair:2   | Noticed a death yak
 11004 | Lair:2   | Killed a death yak
 11005 | Lair:2   | Reached skill level 6 in Armour
 11005 | Lair:2   | Reached XP level 12. HP: 46/111 MP: 16/16
 11016 | Lair:2   | Killed a death yak
 11018 | Lair:2   | HP: 25/112 [death yak (14)]
 11019 | Lair:2   | 11019 ||| DRINKING 4 potions of heal wounds.
 11022 | Lair:2   | 11022 ||| DRINKING 3 potions of heal wounds.
 11026 | Lair:2   | 11026 ||| INVOKING Heroism.
 11037 | Lair:2   | HP: 26/112 [death yak (13)]
 11038 | Lair:2   | 11038 ||| DRINKING 2 potions of heal wounds.
 11043 | Lair:2   | Killed a death yak
 11044 | Lair:2   | Reached skill level 12 in Fighting
 11066 | Lair:2   | Killed a death yak
 11066 | Lair:2   | Reached ***** piety under Okawaru
 11069 | Lair:2   | 11069 ||| INVOKING Heroism.
 11435 | Lair:2   | Noticed a death yak
 11436 | Lair:2   | Noticed a death yak
 11436 | Lair:2   | Noticed a death yak
 11437 | Lair:2   | 11437 ||| INVOKING Heroism.
 11452 | Lair:2   | HP: 25/112 [death yak (13)]
 11453 | Lair:2   | 11453 ||| READING scroll of teleportation.
 11454 | Lair:2   | 11454 ||| DRINKING potion of heal wounds.
 11456 | Lair:2   | Killed a death yak
 11737 | Lair:2   | 11737 ||| READING scroll of enchant weapon.
 11737 | Lair:2   | 11737 ||| ENCHANTING +1 shortbow.
 11835 | Lair:2   | 11835 ||| DROPPING amulet of magic regeneration.
 11842 | Lair:2   | 11842 ||| INVOKING Heroism.
 11855 | Lair:2   | Killed a death yak
 11865 | Lair:2   | Killed a death yak
 11979 | Lair:3   | Noticed Josephine
 11991 | Lair:3   | 11991 ||| INVOKING Heroism.
 11992 | Lair:3   | Killed Josephine
 11998 | Lair:3   | HP: 23/113 [wraith[Josephine] (8)]
 12010 | Lair:3   | HP: 24/113 [wraith[Josephine] (5)]
 12019 | Lair:3   | HP: 25/113 [cane toad (2)]
 12025 | Lair:3   | Reached skill level 9 in Invocations
 12295 | Lair:3   | 12295 ||| INVOKING Heroism.
 12481 | Lair:3   | Found a staircase to the Shoals.
 12482 | Lair:3   | 12482 ||| Stepping ~*~*~tactically~*~*~ (water).
 12863 | Lair:3   | Found a staircase to the Snake Pit.
 12864 | Lair:3   | 12864 ||| Stepping ~*~*~tactically~*~*~ (outnumbered).
 12867 | Lair:3   | 12867 ||| Stepping ~*~*~tactically~*~*~ (outnumbered).
 12887 | Lair:3   | 12887 ||| INVOKING Heroism.
 13100 | Lair:3   | 13100 ||| DROPPING +0 leather armour of cold resistance.
 13101 | Lair:3   | 13101 ||| UPGRADING to ring of protection from cold.
 13103 | Lair:3   | 13103 ||| DROPPING ring of ice.
 13104 | Lair:3   | 13104 ||| READING scroll labelled OCZUAS REIFOBA.
 13105 | Lair:3   | 13105 ||| READING scroll labelled REOSEOMMAF.
 13119 | Lair:4   | You fall into a shaft and drop 1 floor!
 13119 | Lair:5   | Entered Level 5 of the Lair of Beasts
 13146 | Lair:5   | 13146 ||| INVOKING Heroism.
 13177 | Lair:5   | 13177 ||| INVOKING Heroism.
 13389 | Lair:5   | 13389 ||| INVOKING Heroism.
 13498 | Lair:5   | Found a staircase to the Slime Pits.
 13549 | Lair:4   | Reached XP level 13. HP: 123/123 MP: 19/19
 13609 | Lair:4   | 13609 ||| INVOKING Heroism.
 13610 | Lair:4   | 13610 ||| INVOKING Finesse.
 13611 | Lair:4   | 13611 ||| Stepping ~*~*~tactically~*~*~ (outnumbered).
 13722 | Lair:4   | 13722 ||| INVOKING Heroism.
 13759 | Lair:4   | 13759 ||| INVOKING Heroism.
 13862 | Lair:4   | Reached skill level 9 in Armour
 13875 | Lair:4   | 13875 ||| INVOKING Heroism.
 13887 | Lair:4   | HP: 28/124 [yak (8)]
 13894 | Lair:4   | HP: 14/124 [yak (11)]
 13899 | Lair:4   | HP: 12/125 [yak (4)]
 14309 | Lair:4   | Identified the +4 dagger of Zin's Grace {freeze, rElec rF-
                  | MP+9}
 14313 | Lair:4   | 14313 ||| INVOKING Heroism.
 14674 | Lair:4   | 14674 ||| INVOKING Heroism.
 14781 | Lair:5   | 14781 ||| INVOKING Heroism.
 14784 | Lair:5   | Reached skill level 15 in Fighting
 14801 | Lair:5   | 14801 ||| STAIRDANCE
 14975 | Lair:5   | 14975 ||| INVOKING Heroism.
 15024 | Lair:5   | 15024 ||| INVOKING Heroism.
 15154 | Lair:5   | 15154 ||| INVOKING Heroism.
 15207 | Lair:5   | 15207 ||| INVOKING Heroism.
 15208 | Lair:5   | 15208 ||| INVOKING Finesse.
 15404 | Lair:5   | 15404 ||| INVOKING Heroism.
 15654 | Lair:5   | 15654 ||| INVOKING Heroism.
 15789 | Lair:5   | 15789 ||| INVOKING Heroism.
 15843 | Lair:5   | 15843 ||| INVOKING Heroism.
 15981 | Lair:5   | Identified the +7 halberd of Alahet {vamp, rC++ rN+ Will+}
 15982 | Lair:5   | 15982 ||| INVOKING Heroism.
 16001 | Lair:5   | 16001 ||| INVOKING Heroism.
 16061 | Lair:5   | 16061 ||| DRINKING 2 potions of curing.
 16061 | Lair:5   | 16061 ||| (to cure bad poison)
 16062 | Lair:5   | Received a gift from Okawaru
 16084 | Lair:5   | 16084 ||| INVOKING Heroism.
 16109 | Lair:5   | Reached XP level 14. HP: 85/138 MP: 20/20
 16113 | Lair:5   | 16113 ||| DRINKING potion of curing.
 16113 | Lair:5   | 16113 ||| (to cure confusion)
 16203 | Lair:5   | 16203 ||| INVOKING Heroism.
 16377 | Lair:5   | 16377 ||| SWAPPING to +5 hand crossbow of flaming.
 16378 | Lair:5   | 16378 ||| DROPPING +2 shortbow.
 16396 | Lair:5   | Found a corrupted altar of Lugonu.
 16396 | Lair:5   | Found a one-way gate to the infinite horrors of the Abyss.
 16639 | Lair:5   | 16639 ||| PLANNING D:1-11
 16639 | Lair:5   | 16639 ||| UPGRADING to ring of poison resistance.
 16641 | Lair:5   | 16641 ||| UPGRADING to +4 ring of slaying {mikee}.
 16643 | Lair:5   | 16643 ||| READING scroll labelled SIWEQY RIAKUAM.
 16801 | Lair:5   | 16801 ||| READING 5 scrolls of identify.
 16801 | Lair:5   | 16801 ||| IDENTIFYING lumpy white potion
 16802 | Lair:5   | 16802 ||| READING 4 scrolls of identify.
 16802 | Lair:5   | 16802 ||| IDENTIFYING orange potion
 16803 | Lair:5   | 16803 ||| DROPPING potion of brilliance.
 16834 | Lair:5   | 16834 ||| INVOKING Heroism.
 17099 | D:11     | 17099 ||| INVOKING Heroism.
 17337 | D:11     | 17337 ||| INVOKING Heroism.
 17351 | D:11     | Reached skill level 15 in Ranged Weapons
 17373 | D:11     | 17373 ||| INVOKING Heroism.
 17379 | D:11     | Received a gift from Okawaru
 17520 | D:11     | Found a radiant altar of Vehumet.
 17521 | D:11     | 17521 ||| INVOKING Heroism.
 17605 | D:11     | Noticed Grum
 17606 | D:11     | 17606 ||| INVOKING Heroism.
 17612 | D:11     | Killed Grum
 17924 | D:11     | 17924 ||| PLANNING D
 17924 | D:11     | 17924 ||| READING 4 scrolls of identify.
 17924 | D:11     | 17924 ||| IDENTIFYING amethyst potion
 17925 | D:11     | 17925 ||| DROPPING potion of ambrosia.
 18097 | D:12     | Found an ancient bone altar of Kikubaaqudgha.
 18212 | D:12     | 18212 ||| INVOKING Heroism.
 18462 | D:12     | Reached skill level 16 in Ranged Weapons
 18601 | D:12     | Found a runed translucent gate.
 18601 | D:12     | Found a runed translucent gate.
 18603 | D:12     | Found a runed translucent gate.
 18604 | D:12     | Noticed Afrar's ghost (journeyman FoFi)
 18605 | D:12     | Noticed Qesois's ghost (journeyman GnNe)
 18750 | D:12     | 18750 ||| INVOKING Heroism.
 18786 | D:12     | Found a staircase to the Orcish Mines.
 19063 | D:13     | Noticed Jorgrun
 19064 | D:13     | 19064 ||| DRINKING potion of cancellation.
 19065 | D:13     | 19065 ||| INVOKING Heroism.
 19070 | D:13     | Killed Jorgrun
 19112 | D:13     | 19112 ||| FLEEEEING.
 19114 | D:13     | 19114 ||| FLEEEEING.
 19776 | D:13     | Reached skill level 17 in Ranged Weapons
 19837 | D:13     | 19837 ||| READING scroll labelled TAGGIO DECOA.
 19915 | D:14     | 19915 ||| FLEEEEING.
 20007 | D:14     | 20007 ||| INVOKING Heroism.
 20014 | D:14     | 20014 ||| INVOKING Finesse.
 20021 | D:14     | 20021 ||| Stepping ~*~*~tactically~*~*~ (outnumbered).
 20021 | D:14     | HP: 29/138 [manticore/volley of spikes (19)]
 20022 | D:14     | 20022 ||| READING scroll of teleportation.
 20027 | D:14     | HP: 17/138 [basilisk (7)]
 20029 | D:14     | HP: 1/138 [manticore/volley of spikes (13)]
 20032 | D:14     | Shot with an arrow by a centaur warrior

Levels and vault maps discovered:
D:1:      lemuel_arrival_tunnels, layout_basic,
          ebering_ecumenical_altar_abandoned
D:2:      layout_basic, uniq_crazy_yiuf_cottage, uniq_terence
D:3:      corexii_shack_village, layout_basic, ashenzari_altar_1, serial_shops,
          shop_fountains, serial_bayou_crossing
D:4:      layout_gridville, minmay_temple_entry_junction_2, uniq_duvessa
D:5:      layout_basic, cheibrodos_sewer_entry_drain, minmay_misc_feat_x
D:6:      layout_basic, dk_xom_monty_hall
D:7:      kennysheep_steamy, layout_rooms, lemuel_doored_altar,
          minmay_manual_mail
D:8:      layout_loops_cross, overflow_temple_1_default,
          gammafunk_temple_overflow_forgotten, uniq_prince_ribbit1, uniq_maggie,
          uniq_erica
D:9:      layout_roguey, mainiacjoe_overflow_surrounded_room,
          kennysheep_just_a_vault, uniq_harold, uniq_maurice
D:10:     layout_roguey, mainiacjoe_overflow_six_doors_small, erik_lair_island,
          minmay_holes
D:11:     layout_loops_ring, vehumet_statue, uniq_grum
D:12:     layout_irregular_city, hiddenorc1_lemuel, gammafunk_ghost_cemetery,
          kiku_gazebo_garden_becter
D:13:     layout_grid_maze, uniq_jorgrun
D:14:     minmay_big_diamond_grid, layout_basic,
          hangedman_vaults_entry_quadrant_bands, hangedman_decor_opposing,
          serial_aquarium, aquarium_window_fake, aquarium_window_fake,
          aquarium_window_1, aquarium_window_1, aquarium_view_2a,
          aquarium_pool_2
Temple:   cyrus_circular_temple
Lair:1:   layout_roguey, st_stairs_13, grunt_megastairs_2, lemuel_fruit_tree,
          serial_bayou_shore_a
Lair:2:   layout_cave_shapes, minivault_23
Lair:3:   layout_chaotic_city, elwin_shoals_entry_rooms,
          nicolae_snake_entry_warm_welcome, uniq_josephine
Lair:4:   layout_roguey, kennysheep_basilisk_garden, grunt_megastairs_1
Lair:5:   hellmonk_lair_end_abyssal_woods, layout_hall_layers,
          nicolae_slime_entry_slimehenge, lemuel_fruit_fields

Skill      XL: |  1  2  3  4  5  6  7  8  9 10 11 12 13 14 |
---------------+-------------------------------------------+-----
Ranged Weapons | 5 6 7 8 9 10 12 14 17 | 17.8
Fighting       | 3 4 5 7 8 9 11 13 16 | 16.7
Dodging        | 3 6 7 9 11 | 11.1
Invocations    | 3 4 7 10 | 10.0
Armour         | 1 2 3 4 6 8 10 | 10.0
Stealth        | |  0.7

Action                     |  1- 3 |  4- 6 |  7- 9 | 10-12 | 13-15 || total
---------------------------+-------+-------+-------+-------+-------++-------
   Fire: Shortbow          |    95 |   162 |   441 |   891 |   588 ||  2177
         Hand crossbow     |       |       |       |       |   258 ||   258
 Invoke: Heroism           |       |       |    17 |    30 |    29 ||    76
         Finesse           |       |       |       |       |     3 ||     3
    Use: Scroll            |     3 |     5 |     5 |     9 |     6 ||    28
         Potion            |     1 |     3 |     2 |     6 |     3 ||    15
 Armour: Leather armour    |     4 |    18 |     6 |       |       ||    28
         Ring mail         |       |       |    34 |    78 |   186 ||   298
         Steam dragon scal |       |       |    14 |    37 |       ||    51
         Troll leather arm |       |       |       |    15 |       ||    15
  Dodge: Dodged            |    15 |    36 |    97 |   359 |   511 ||  1018

Table legend:
 A = Non-vault XP
 B = Vault XP
 C = Vault XP percentage of total XP
 D = Non-vault monster count
 E = Vault monster count
 F = Vault count percentage of total count
                 A         B        C        D         E       F
            +---------+---------+-------+---------+---------+-------
      Total |   62420 |   33941 |  35.2 |     383 |     189 |  33.0
            +---------+---------+-------+---------+---------+-------
        D:1 |      19 |       0 |   0.0 |      12 |       0 |   0.0
        D:2 |      50 |      32 |  39.0 |      15 |       1 |   6.2
        D:3 |      33 |      24 |  42.1 |      12 |      12 |  50.0
        D:4 |     340 |     216 |  38.8 |      25 |       2 |   7.4
        D:5 |     793 |       8 |   1.0 |      31 |       3 |   8.8
        D:6 |    1443 |     249 |  14.7 |      29 |       3 |   9.4
        D:7 |     426 |     970 |  69.5 |      12 |       8 |  40.0
        D:8 |    1159 |    1448 |  55.5 |      31 |       3 |   8.8
        D:9 |    2669 |    1837 |  40.8 |      23 |       3 |  11.5
       D:10 |    3062 |     909 |  22.9 |      29 |       8 |  21.6
       D:11 |    7127 |     430 |   5.7 |      17 |       4 |  19.0
       D:12 |    7870 |     217 |   2.7 |      18 |      17 |  48.6
       D:13 |    4013 |    1886 |  32.0 |      10 |       1 |   9.1
       D:14 |    1246 |    6162 |  83.2 |       4 |      13 |  76.5
     Lair:1 |    4350 |     785 |  15.3 |      18 |       4 |  18.2
     Lair:2 |    7163 |       0 |   0.0 |      16 |       0 |   0.0
     Lair:3 |    1205 |    3596 |  74.9 |       4 |      13 |  76.5
     Lair:4 |    7943 |    2832 |  26.3 |      38 |      13 |  25.5
     Lair:5 |   11509 |   12092 |  51.2 |      39 |      49 |  55.7
      Sewer |       0 |     248 | 100.0 |       0 |      32 | 100.0
            +---------+---------+-------+---------+---------+-------
